riotbit, chaotic male elven Ranger --------- -------------------------------- |......<| |............................... |.......| #..------|--------------..-----.| ---.----- #|.|....|..|...|. +..-...|.| ###### |.| ...|..|...|. |..|...|.| # |.---|----|...||------|..|...|.| ## # |......|..|...|....|%%|...---|.. ---|--- # |.----.|..--|-..|..|((|........|# |..^..|### |.|..-.-|--..{..-|-|..|.|.._.|..# |.....-### |.|..|.........d..(-|--)-......| |.....| # |.|---|---.--.-@--.)..[.[....|.|# ------- ### |.|..|. |.+..|@.|.-|..-.----... # |.|..|(( |.|..|)!|...)|#.|...-.| ###|.|..|(( |.---|."|....|..|...|.-## #-.-|------..{.---------|------.| |....).........................| -------------------------------- riotbit the Trailblazer Experience level: 7 Strength: 16 Dexterity: 10 Constitution: 14 Intelligence: 14 Wisdom: 16 Charisma: 8 Health: 0(49) Energy: 33(33) Def: 9 Gold: 0 Moves: 3094 Dungeon seed: bX6e63kz5__U7EaI Game ID: riotbit_1450035577 Your Inventory: Weapons a - a +1 elven dagger b - a +1 elven bow (weapon in hand) c - 6 +2 elven arrows (in quiver) d - 33 +0 elven arrows u - 9 blessed +2 ya w - 7 +0 arrows z - 2 cursed +0 arrows A - a cursed -1 arrow B - a +1 arrow K - 2 +2 elven arrows Armor e - an uncursed +2 elven cloak (being worn) y - an uncursed +0 helmet (being worn) N - an uncursed +0 pair of iron shoes (being worn) Y - an uncursed +0 ring mail (being worn) Comestibles f - 3 uncursed lembas wafers x - an uncursed partly eaten food ration Scrolls i - a blessed scroll of remove curse l - an uncursed scroll of confuse monster p - an uncursed scroll of stinking cloud s - an uncursed scroll of identify C - an uncursed scroll of scare monster Spellbooks D - an uncursed spellbook of cure sickness Potions o - an uncursed potion of fruit juice r - a blessed potion of fruit juice v - an uncursed potion of gain ability I - a blessed potion of sleeping M - a cursed potion of booze Rings h - an uncursed ring of conflict L - a cursed ring of aggravate monster Wands H - a wand of speed monster (0:5) Tools m - an uncursed blindfold E - a blessed brass lantern (lit) (0:608) G - 2 uncursed tallow candles (0:200) O - an uncursed tin whistle Spells and supernatural/magical abilities: Name Level Category Fail Memory W - pray for help -- divine ? -- Your skills at the end: Fighting Skills Weapon Skills dagger [Basic] bow [Basic] Spellcasting Skills Final Attributes: You had transgressed. You were sleep resistant. You had automatic searching. You had infravision. You were stealthy. You are dead. Vanquished creatures: a dwarf king a tengu 4 watchmen 3 gnome kings a raven a yellow light a shrieker 3 gnome lords 4 gnomish wizards 3 giant ants a floating eye 5 dwarves a rabid rat 5 monkeys a werejackal an iguana 14 killer bees a coyote a hobbit a large kobold a giant rat 24 gnomes 5 jackals 2 foxes 2 goblins 3 sewer rats 2 grid bugs 2 lichens 7 newts 101 creatures vanquished. Voluntary challenges: You had been an atheist until turn 2752. You used a wielded weapon 3 times, starting on turn 248. You read items or engraved 1 time, starting on turn 1207. You never genocided any monsters. You never polymorphed an object. You never changed form. You used no wishes. You never split a pudding. You never wrote Elbereth's name. You violated your moral code, losing 62 points of alignment, starting on turn 2725. Dungeon overview: The Dungeons of Doom: levels 1 to 4 Level 1 a fountain, a sink a long staircase Level 2 Level 3 a general store Level 4 stairs to The Gnomish Mines The Gnomish Mines: levels 5 to 7 Level 5 stairs to The Dungeons of Doom Level 6 Level 7 <- You were here some shops, a temple to Venus, some fountains, a sink History has recorded: On T:1 you entered the Dungeons of Doom to retrieve the Amulet of Yendor! On T:584 you reached level 2 of The Dungeons of Doom. On T:804 you advanced to experience level 2. On T:982 you reached level 3 of The Dungeons of Doom. On T:1451 you reached level 4 of The Dungeons of Doom. On T:1553 you advanced to experience level 3. On T:1698 you reached level 1 of The Gnomish Mines. On T:1768 you advanced to experience level 4. On T:1944 you advanced to experience level 5. On T:2040 you advanced to experience level 6. On T:2278 you reached level 2 of The Gnomish Mines. On T:2545 you reached level 3 of The Gnomish Mines. On T:2718 you advanced to experience level 7. Score breakdown: Gold: 0 ( 0 points) Experience: 7 levels (13645 points) Exploration: 7 levels ( 14.29%) (10606 points) Discoveries: 6 items ( 2.07%) ( 4315 points) Valuables value: (no points given unless you survive) Artifact value: 0 ( 0 points) Variety of kills: 29 monsters ( 7.61%) ( 8276 points) Turncount: 3094 turns ( -645 points) Survival: died (score multiplied by 80%) Total score: 28957 Latest messages: The elven arrow misses Tuktoyaktuk. Tuktoyaktuk zaps a wand of striking! The wand hits you! Tuktoyaktuk hits! (2x) You die... Tuktoyaktuk takes all your possessions. Final status: Goodbye riotbit the Ranger, killed by a Mr. Tuktoyaktuk, the shopkeeper... You died in The Gnomish Mines on dungeon level 7 with 28957 points, and 0 pieces of gold, after 3094 moves. You were level 7 with a maximum of 49 hit points when you died.